Map: Jagannatha LE

Players

GeeRam - Winner!

  • Race: Protoss Protoss
  • League: Master

WildHunt

  • Race: Terran Terran
  • League: Master

VOD

Have the link to the VOD?

Description

Time

  • Played on: Aug. 18, 2021, 6:12 a.m.
  • Length: 17:44
Show
View Real Time Build Order
Export as new Build Order

GeeRam Protoss - Winner!

Build Orders: 1 Gate Expand, Phoenix Opening, Carriers 

Get SALT Encoding   

  12  0:00  Probe  
  13  0:12  Probe  
  14  0:17  Pylon  
  14  0:24  Probe  
  15  0:35  Gateway  
  15  0:37  Probe (Chrono Boost)  
  16  0:48  Probe (Chrono Boost), Assimilator  
  17  0:53  Probe (Chrono Boost)  
  18  1:04  Probe (Chrono Boost)  
  19  1:13  Probe (Chrono Boost)  
  19  1:18  Probe  
  21  1:27  Cybernetics Core  
  21  1:37  Nexus  
  21  1:41  Probe  
  21  1:47  Pylon  
  22  1:51  Assimilator  
  22  1:55  Probe  
  23  2:04  Adept (Chrono Boost)  
  23  2:07  Probe  
  26  2:18  Stargate  
  26  2:20  Probe  
  27  2:32  Probe  
  27  2:46  Probe  
  27  2:49  Probe  
  29  2:51  Adept  
  29  2:58  Probe  
  32  3:01  Probe, Phoenix (Chrono Boost)  
  35  3:07  Shield Battery  
  35  3:10  Probe  
  35  3:13  Probe  
  35  3:18  Phoenix  
  36  3:22  Probe  
  36  3:25  Probe  
  40  3:34  Probe  
  40  3:35  Pylon  
  40  3:38  Robotics Facility  
  40  3:40  Probe  
  42  3:46  Probe  
  42  3:47  Phoenix  
  45  3:52  Probe  
  46  4:01  Probe  
  47  4:09  Probe  
  48  4:12  Phoenix  
  48  4:13  Probe  
  48  4:15  Pylon  
  51  4:27  Nexus  
  51  4:28  Observer, Pylon  
  52  4:34  Twilight Council  
  52  4:36  Gateway  
  52  4:42  Probe x2  
  54  4:54  Probe  
  54  4:58  Probe  
  56  5:06  Probe  
  57  5:10  Probe  
  57  5:12  Assimilator  
  58  5:15  Assimilator  
  58  5:18  Probe  
  58  5:19  Robotics Bay  
  58  5:20  Gateway  
  59  5:22  Probe, Warp Gate (Chrono Boost)  
  59  5:24  Charge, Pylon  
  59  5:25  Shield Battery  
  59  5:26  Gateway  
  59  5:27  Gateway  
  60  5:30  Probe  
  60  5:34  Probe  
  62  5:37  Zealot  
  62  5:38  Zealot  
  62  5:39  Phoenix  
  62  5:41  Probe  
  66  5:42  Probe  
  66  5:46  Probe  
  67  5:53  Probe  
  67  5:54  Probe  
  67  5:56  Forge  
  67  5:57  Forge  
  69  5:58  Probe  
  70  6:05  Probe, Colossus (Chrono Boost)  
  70  6:07  Probe  
  78  6:12  Zealot x2  
  78  6:13  Probe  
  78  6:17  Probe  
  84  6:19  Probe  
  84  6:25  Probe, Shield Battery  
  86  6:29  Probe  
  86  6:31  Probe  
  88  6:37  Probe  
  89  6:41  Probe  
  89  6:43  Probe  
  89  6:45  Protoss Ground Weapons Level 1 (Chrono Boost)  
  89  6:46  Assimilator, Protoss Ground Armor Level 1 (Chrono Boost)  
  91  6:49  Assimilator  
  91  6:51  Pylon  
  91  6:57  Gateway  
  91  6:59  Gateway  
  91  7:02  Gateway  
  91  7:05  Colossus (Chrono Boost)  
  97  7:17  Zealot x4  
  91  7:31  Phoenix  
  93  7:37  Probe  
  93  7:38  Probe  
  93  7:42  Probe  
  93  7:44  Extended Thermal Lance  
  96  7:47  Robotics Facility  
  96  7:50  Probe  
  97  7:53  Gateway x2  
  97  7:55  Gateway  
  97  7:57  Gateway  
  97  7:59  Photon Cannon  
  97  8:01  Photon Cannon  
  97  8:09  Nexus, Phoenix  
  97  8:11  Pylon  
  97  8:12  Pylon  
  99  8:14  Pylon  
  99  8:25  Colossus (Chrono Boost), Gateway  
  99  8:26  Gateway  
  99  8:30  Zealot x5  
  99  8:31  Zealot  
  99  8:33  Colossus (Chrono Boost)  
  123  8:42  Phoenix  
  125  8:48  Stargate  
  125  8:53  Fleet Beacon  
  125  9:01  Protoss Air Weapons Level 1  
  125  9:04  Photon Cannon  
  125  9:06  Pylon  
  125  9:07  Protoss Ground Armor Level 2 (Chrono Boost)  
  125  9:08  Protoss Ground Weapons Level 2 (Chrono Boost)  
  125  9:09  Photon Cannon  
  125  9:20  Phoenix  
  125  9:21  Immortal  
  125  9:22  Immortal  
  136  9:31  Probe x3  
  136  9:35  Photon Cannon  
  138  9:39  Probe, Photon Cannon  
  138  9:41  Assimilator  
  138  9:43  Probe x2  
  138  9:45  Assimilator  
  141  9:46  Shield Battery  
  139  10:05  Carrier (Chrono Boost)  
  139  10:08  Templar Archives  
  139  10:13  Pylon  
  145  10:15  Pylon  
  145  10:16  Probe x3  
  145  10:17  Pylon  
  148  10:28  Carrier (Chrono Boost)  
  148  10:35  Zealot x5  
  158  10:36  Zealot x3  
  158  10:42  Pylon  
  170  10:44  Pylon  
  170  10:46  Pylon  
  170  10:48  Zealot x4  
  125  10:58  Pylon  
  125  11:01  Pylon  
  125  11:03  Pylon  
  97  11:04  Stalker  
  97  11:05  Stalker x5  
  97  11:06  Pylon  
  109  11:13  High Templar x6  
  109  11:17  Archon x3  
  118  11:18  Zealot  
  120  11:33  Zealot x3  
  120  11:34  Zealot x2  
  120  11:39  Zealot x2  
  124  11:40  Zealot x3  
  113  11:50  Nexus  
  78  12:08  Carrier (Chrono Boost)  
  78  12:09  Psionic Storm, High Templar x5  
  78  12:10  Carrier (Chrono Boost)  
  78  12:11  High Templar x2  
  78  12:12  Zealot x4  
  78  12:13  Zealot  
  78  12:14  Archon x2  
  114  12:37  Nexus  
  114  12:41  Pylon  
  114  12:47  Probe x2  
  114  12:48  Probe  
  114  12:50  High Templar x2  
  121  12:54  Archon  
  121  12:55  Colossus (Chrono Boost)  
  121  13:05  Colossus (Chrono Boost)  
  133  13:15  Probe x2  
  133  13:16  Probe  
  142  13:29  Probe x3  
  142  13:32  Carrier (Chrono Boost)  
  145  13:37  Probe, Carrier (Chrono Boost)  
  152  13:58  Probe x2  
  152  13:59  Protoss Air Weapons Level 2 (Chrono Boost)  
  154  14:11  Zealot x2  
  154  14:12  Zealot x5  
  162  14:27  Nexus  
  153  14:33  High Templar x4  
  153  14:37  Archon  
  153  14:38  Archon  
  161  14:39  Nexus  
  161  14:40  Pylon  
  154  15:01  Carrier (Chrono Boost)  
  154  15:02  Carrier (Chrono Boost)  
  166  15:11  Probe  
  153  15:35  High Templar x3  
  155  15:36  Zealot  
  155  15:37  Zealot  
  163  15:53  Assimilator  
  162  16:14  Nexus  
  162  16:16  Pylon  
  162  16:26  High Templar x2  
  162  16:27  High Templar x3  
  162  16:31  Archon  
  162  16:32  Archon  
  162  16:47  Archon x2  
  158  17:00  Pylon  
Show
View Real Time Build Order
Export as new Build Order

WildHunt Terran 

Build Orders: Reaper Expand 

Get SALT Encoding   

  12  0:00  SCV  
  13  0:12  SCV  
  14  0:17  Supply Depot  
  14  0:24  SCV  
  15  0:38  SCV  
  15  0:39  Barracks  
  16  0:45  Refinery  
  16  0:50  SCV  
  17  1:02  SCV  
  18  1:14  SCV  
  19  1:27  Orbital Command, Reaper  
  20  1:41  Command Center  
  20  1:51  Supply Depot  
  20  1:53  SCV  
  21  1:59  Barracks Reactor  
  21  2:05  Refinery, SCV  
  22  2:17  SCV  
  22  2:18  Bunker  
  23  2:29  SCV  
  24  2:41  SCV  
  24  2:43  Marine x2  
  26  2:47  Factory  
  26  2:53  Orbital Command, SCV  
  27  3:00  Barracks  
  27  3:03  Marine  
  28  3:05  SCV, Marine  
  30  3:17  SCV  
  30  3:19  SCV  
  32  3:22  Marine  
  32  3:23  Marine  
  34  3:28  Supply Depot  
  34  3:30  SCV  
  35  3:36  SCV  
  35  3:37  Widow Mine, Starport  
  38  3:41  Starport  
  38  3:42  SCV  
  38  3:47  Supply Depot  
  38  3:48  SCV  
  40  3:49  Barracks Tech Lab  
  40  3:58  Widow Mine  
  40  4:08  SCV x2  
  40  4:09  Stimpack, Marine  
  43  4:20  SCV  
  43  4:22  Command Center, Widow Mine  
  46  4:25  SCV  
  46  4:28  Marine  
  46  4:29  Marine  
  49  4:31  Marine  
  49  4:32  SCV  
  49  4:35  Medivac  
  49  4:37  SCV  
  54  4:44  SCV  
  55  4:49  SCV  
  53  4:56  Widow Mine  
  53  4:57  SCV, Marine x3  
  59  5:00  Engineering Bay  
  59  5:01  SCV  
  59  5:04  Refinery  
  59  5:05  Refinery  
  60  5:07  Engineering Bay  
  60  5:09  SCV  
  60  5:13  SCV  
  62  5:23  Supply Depot  
  62  5:27  Supply Depot  
  62  5:28  SCV x2, Marine x2, Viking  
  62  5:29  Widow Mine  
  70  5:45  SCV x2, Marine  
  70  5:46  Terran Infantry Armor Level 1, Marine, Terran Infantry Weapons Level 1  
  70  5:47  Supply Depot  
  74  5:54  Factory Reactor  
  74  5:55  Orbital Command  
  74  5:56  Factory Tech Lab  
  74  5:57  Combat Shield, SCV  
  75  6:07  Starport Reactor  
  75  6:10  Barracks  
  75  6:13  Marine  
  75  6:14  SCV, Marine x2  
  75  6:16  Siege Tank  
  82  6:31  Marine x3  
  79  6:39  SCV  
  80  6:41  Orbital Command  
  80  6:42  SCV  
  81  6:49  Marine  
  81  6:51  Missile Turret, SCV, Marine, Armory  
  81  6:52  Missile Turret, Marine  
  81  6:53  Medivac, Siege Tank  
  90  6:54  SCV  
  91  7:03  Missile Turret, SCV  
  91  7:06  SCV  
  91  7:07  Marine  
  92  7:09  Marine  
  92  7:10  Marine  
  88  7:29  Marauder, Siege Tank  
  89  7:30  Medivac x2, Marine  
  89  7:32  SCV x3  
  97  7:38  Supply Depot  
  97  7:41  Terran Infantry Weapons Level 2  
  97  7:44  SCV x3  
  98  7:49  Supply Depot, Marine  
  98  7:50  Concussive Shells, Barracks Reactor, Supply Depot  
  98  7:51  Marauder, Barracks Tech Lab  
  103  7:56  SCV x3  
  106  7:58  Barracks  
  106  8:03  Siege Tank  
  106  8:05  Viking x2  
  113  8:10  Marine x2  
  113  8:11  Marine  
  113  8:12  SCV, Marauder  
  119  8:13  SCV, Terran Infantry Armor Level 2  
  120  8:23  SCV  
  120  8:24  SCV, Barracks  
  120  8:26  Refinery x2  
  122  8:27  SCV  
  122  8:28  Supply Depot  
  122  8:33  Marine x2  
  127  8:34  Marauder  
  127  8:37  SCV  
  127  8:39  Command Center  
  128  8:42  Marine, Siege Tank  
  128  8:44  Missile Turret  
  128  8:45  Barracks Tech Lab  
  128  8:47  SCV  
  133  8:49  Terran Vehicle Weapons Level 1  
  133  8:50  SCV x2  
  133  8:52  Armory  
  133  8:54  Marine x2  
  139  8:55  Marauder  
  139  9:01  Supply Depot x2  
  139  9:04  SCV x2, Supply Depot  
  141  9:13  Barracks Reactor  
  141  9:19  Supply Depot  
  141  9:21  Supply Depot  
  141  9:22  Liberator, Marine x3  
  141  9:23  Marauder x2, SCV  
  152  9:27  Siege Tank  
  155  9:31  Supply Depot  
  155  9:32  Supply Depot  
  155  9:40  Marine x2  
  155  9:41  Marauder  
  155  9:44  Marauder x2, SCV x2  
  164  9:52  Missile Turret  
  164  9:54  Missile Turret  
  164  9:56  Missile Turret  
  164  9:58  Marine  
  163  10:02  SCV, Marine  
  163  10:03  Marauder, Marine  
  163  10:04  Siege Tank  
  163  10:06  Marauder  
  173  10:12  Missile Turret  
  173  10:13  Marauder  
  175  10:14  Viking x2  
  179  10:27  Marine  
  179  10:28  Marauder, Marine x2  
  184  10:29  Marauder  
  184  10:31  SCV x2  
  184  10:32  SCV  
  189  10:37  Planetary Fortress  
  189  10:44  Missile Turret  
  189  10:45  Command Center, Missile Turret  
  182  10:52  Missile Turret  
  151  11:03  Marine x4  
  144  11:04  Marauder x2, Siege Tank  
  144  11:05  Liberator x2  
  153  11:11  Marine  
  153  11:12  SCV  
  153  11:13  SCV x2  
  153  11:14  SCV  
  158  11:21  Marine x4, Terran Infantry Armor Level 3  
  158  11:24  Terran Infantry Weapons Level 3  
  158  11:25  Marauder x2, SCV x2  
  165  11:33  Ghost Academy  
  154  11:54  Marine x3  
  149  12:05  Marine  
  149  12:06  Ghost  
  149  12:07  Ghost x2  
  149  12:08  Medivac x2, Siege Tank  
  157  12:13  SCV  
  157  12:14  Planetary Fortress, SCV x2, Barracks  
  157  12:15  Barracks x2  
  164  12:16  Factory x2  
  164  12:18  Missile Turret  
  164  12:24  SCV  
  164  12:26  SCV, Marine x4  
  164  12:27  Missile Turret, Terran Vehicle Weapons Level 2  
  164  12:28  Missile Turret, Terran Vehicle And Ship Armor Level 1  
  170  12:30  Missile Turret  
  170  12:34  Command Center  
  170  12:35  Marine  
  170  12:36  Marine x2  
  173  12:38  Medivac x2  
  173  12:40  Personal Cloaking  
  173  12:42  Refinery x2  
  173  12:44  Marine x3  
  177  12:45  Refinery, Marine  
  181  12:53  Marine  
  181  12:54  Marine x2  
  181  12:58  Command Center  
  184  13:00  SCV  
  184  13:02  Marine  
  184  13:04  Refinery  
  186  13:06  Marine  
  186  13:07  Marine x2  
  186  13:08  Siege Tank  
  186  13:09  Barracks Reactor  
  186  13:10  Barracks Tech Lab  
  186  13:11  Barracks Reactor, Marine  
  186  13:12  Marine x2  
  195  13:14  Factory Tech Lab  
  195  13:15  Factory Tech Lab  
  195  13:19  Marine  
  196  13:35  Command Center  
  196  13:38  Command Center  
  196  13:44  Marine x4  
  200  14:40  Planetary Fortress  
  200  14:48  Neosteel Armor, Hi-Sec Auto Tracking  
  200  14:49  Terran Vehicle Weapons Level 3, Terran Vehicle And Ship Armor Level 2  
  191  14:55  Command Center  
  191  15:04  Refinery  
  191  15:27  Missile Turret  
  191  15:28  Missile Turret x2  
  171  15:30  Missile Turret x2  
  171  15:31  Ghost x4  
  171  15:32  Missile Turret, Siege Tank  
  171  15:33  Siege Tank x2  
  171  15:34  Viking x2  
  192  15:37  Refinery  
  192  15:38  Refinery  
  192  15:39  Missile Turret  
  192  15:59  Ghost  
  192  16:02  Ghost x3  
  192  16:03  Marine x2  
  192  16:04  Marine x4  
  190  16:05  Viking x2  
  190  16:06  Command Center  
  190  16:07  Planetary Fortress  
  198  16:12  Missile Turret  
  198  16:19  Orbital Command x3  
  198  16:27  Command Center  
  198  16:35  Medivac  
  198  16:36  Refinery  
  198  16:39  Missile Turret  
  172  16:49  Refinery  
  172  16:53  Marine x2  
  172  16:54  Marauder, Marine x5  
  129  16:55  Marauder x2, Siege Tank x3  
  149  17:06  Refinery  
  129  17:12  Marine x7  
  129  17:13  Marine x2  
  132  17:16  Marauder x3  
  124  17:37  Command Center  
Tags
 
Add a new tag
Caveats
  • Supply blocks, unpowered buildings, or Contaminate may cause inaccurate times.
  • Supply counts are checked every 10 seconds.